[Event "Titled Tuesday Blitz August 1 Late 2023"]
[White "Koutlas, Nikolaos"]
[Black "Curtis, John"]
[WhiteFideId "25827138"]
[BlackFideId "3200256"]
[WhiteElo "2508"]
[BlackElo "2074"]
[Result "0-1"]
[Round "1"]
[TimeControl "180+1"]
[Date "2023.08.01"]
[WhiteClock "0:00:02"]
[BlackClock "0:01:02"]
[Board "182"]

1. e4 c6 2. Nc3 d5 3. Nf3 e6 4. d4 Nd7 5. Bd3 Bb4 6. O-O h6 7. exd5 cxd5 8. Ne2 Bd6 9. c4 dxc4 10. Bxc4 Ngf6 11. Nc3 a6 12. a4 Nb6 13. Bb3 O-O 14. a5 Nbd5 15. Nxd5 Nxd5 16. Bxd5 exd5 17. h3 Re8 18. Re1 Rxe1+ 19. Qxe1 Bf5 20. Bd2 Be4 21. Ne5 Qe7 22. Bc3 f6 23. Ng4 Re8 24. Ne3 Bf4 25. g3 Bd6 26. Rc1 Qf7 27. Qe2 f5 28. Kh2 f4 29. Ng4 fxg3+ 30. fxg3 Bf3 31. Qf2 Re2 32. Qxe2 Bxe2 0-1


[Site "https://www.chess.com"]

[Event "Titled Tuesday Blitz August 1 Late 2023"]
[White "MrLudus"]
[Black "Papayan, Oleg"]
[BlackFideId "4193911"]
[WhiteElo "2056"]
[BlackElo "2507"]
[Result "0-1"]
[Round "1"]
[TimeControl "180+1"]
[Date "2023.08.01"]
[WhiteClock "0:00:34"]
[BlackClock "0:00:46"]
[Board "183"]

1. e4 d5 2. exd5 Qxd5 3. Nc3 Qd8 4. d4 c6 5. Bc4 Bf5 6. Nf3 e6 7. O-O Be7 8. h3 h6 9. Bd3 Bxd3 10. Qxd3 Nf6 11. Bf4 Nbd7 12. Ne5 O-O 13. Rad1 Qa5 14. Nc4 Qh5 15. Qg3 Nb6 16. Ne5 Nbd5 17. Nxd5 cxd5 18. c3 Ne4 19. Qf3 Qxf3 20. Nxf3 b5 21. a4 b4 22. cxb4 Bxb4 23. Rc1 Rfc8 24. Ne5 Kf8 25. Nd3 Bd2 26. Bxd2 Nxd2 27. Rfd1 Nb3 28. Rxc8+ Rxc8 29. Nc5 Nxd4 30. b4 Nc2 31. Nd3 Rc4 32. Rb1 Ke7 33. Kf1 f6 34. Ke2 e5 35. f3 Kd6 36. Kd2 Nd4 37. a5 Rc2+ 38. Kd1 Rxg2 39. b5 Rg1+ 0-1


[Site "https://www.chess.com"]

[Event "Titled Tuesday Blitz August 1 Late 2023"]
[White "Kanyamarala, Tarun"]
[Black "Joubert, Dantelle"]
[WhiteFideId "45004714"]
[BlackFideId "14310813"]
[WhiteElo "2504"]
[BlackElo "2053"]
[Result "1-0"]
[Round "1"]
[TimeControl "180+1"]
[Date "2023.08.01"]
[WhiteClock "0:01:28"]
[BlackClock "0:00:00"]
[Board "184"]

1. Nf3 d5 2. b3 Nf6 3. Bb2 e6 4. e3 Be7 5. c4 O-O 6. g3 c5 7. cxd5 Nxd5 8. a3 Bf6 9. Nc3 Nc6 10. Bg2 b6 11. O-O Ba6 12. Re1 Bd3 13. Rc1 Rc8 14. e4 Nc7 15. e5 Be7 16. Ne4 Qd7 17. b4 cxb4 18. Nfg5 h6 19. Nf6+ gxf6 20. exf6 hxg5 21. Bxc6 Qd8 22. fxe7 Qxe7 23. Re3 Bg6 24. axb4 Rfd8 25. h4 Nd5 26. Re5 gxh4 27. Qg4 Nxb4 28. Rh5 e5 29. Bxe5 1-0


[Site "https://www.chess.com"]

[Event "Titled Tuesday Blitz August 1 Late 2023"]
[White "Dushyant Sharma"]
[Black "Dominguez Rincon, Miller Duvan"]
[WhiteFideId "25065130"]
[BlackFideId "4406583"]
[WhiteElo "2502"]
[BlackElo "1988"]
[Result "1-0"]
[Round "1"]
[TimeControl "180+1"]
[Date "2023.08.01"]
[WhiteClock "0:02:20"]
[BlackClock "0:00:18"]
[Board "186"]

1. e4 e5 2. Nf3 Nc6 3. Nc3 Nf6 4. Bb5 Bb4 5. O-O O-O 6. d3 Bxc3 7. bxc3 d6 8. Bg5 Qe7 9. Re1 Nd8 10. d4 h6 11. Bh4 Bg4 12. h3 Bh5 13. g4 Bg6 14. Bd3 Bh7 15. Qd2 g5 16. Nxg5 Kh8 17. Nxh7 Kxh7 18. f4 Rg8 19. fxe5 dxe5 20. Rf1 Rg6 21. Qh2 Nc6 22. Rf5 Qd6 23. dxe5 Qc5+ 24. Qf2 Qxc3 25. Rf1 Nxg4 26. Rxf7+ Kh8 27. Rf8+ Kh7 28. Rf7+ Kh8 29. hxg4 Rxg4+ 30. Kh1 Rag8 31. Qf6+ R4g7 32. Qxh6+ Rh7 33. Qxh7# 1-0


[Site "https://www.chess.com"]

[Event "Titled Tuesday Blitz August 1 Late 2023"]
[White "Porat, Tori"]
[Black "Jovic, Stanoje"]
[WhiteFideId "30982626"]
[BlackFideId "905020"]
[WhiteElo "1982"]
[BlackElo "2501"]
[Result "0-1"]
[Round "1"]
[TimeControl "180+1"]
[Date "2023.08.01"]
[WhiteClock "0:00:10"]
[BlackClock "0:00:33"]
[Board "187"]

1. d4 Nf6 2. c4 e6 3. Nf3 d5 4. Nc3 Bb4 5. Bg5 h6 6. Bxf6 Bxc3+ 7. bxc3 Qxf6 8. cxd5 exd5 9. e3 Bg4 10. Be2 Bxf3 11. Bxf3 c6 12. Qb3 Qe7 13. Rb1 b5 14. a4 a6 15. Qa2 Ra7 16. Ra1 Rb7 17. axb5 axb5 18. O-O O-O 19. Rfe1 Nd7 20. Rab1 Nf6 21. Qb2 Ra7 22. Ra1 Rfa8 23. Be2 Ra3 24. Bd3 Qa7 25. Rxa3 Qxa3 26. Qxa3 Rxa3 27. Rc1 g5 28. h3 b4 29. cxb4 Rxd3 30. Rxc6 Rd1+ 31. Kh2 Kg7 32. b5 Rb1 33. b6 Rb2 34. f3 h5 35. Rd6 h4 36. Rc6 Rb1 37. Rd6 Nh5 38. Rxd5 f6 39. Rd7+ Kg6 40. g4 hxg3+ 41. Kg2 Rb2+ 42. Kg1 Rxb6 43. Rd8 Ng7 44. d5 Nf5 45. e4 Ne3 46. d6 Rb1# 0-1


[Site "https://www.chess.com"]

[Event "Titled Tuesday Blitz August 1 Late 2023"]
[White "Mordechai, Hanan"]
[Black "Navyblue1"]
[WhiteFideId "2804166"]
[WhiteElo "2500"]
[BlackElo "1917"]
[Result "1-0"]
[Round "1"]
[TimeControl "180+1"]
[Date "2023.08.01"]
[WhiteClock "0:01:03"]
[BlackClock "0:00:02"]
[Board "188"]

1. b3 e5 2. Bb2 d5 3. Bxe5 Nc6 4. Bb2 Nf6 5. e3 Be7 6. f4 d4 7. Be2 O-O 8. Nf3 dxe3 9. dxe3 Ne4 10. O-O Bc5 11. Nd4 Nb4 12. Bf3 f5 13. c4 a5 14. Nc3 Nf6 15. Re1 Qe7 16. a3 Na6 17. Nd5 Nxd5 18. Bxd5+ Kh8 19. Kh1 c6 20. Bf3 Nc7 21. Qd2 Rd8 22. Qc3 Be6 23. Rad1 Qf7 24. b4 axb4 25. axb4 Bf8 26. Nxe6 Qxe6 27. c5 Nb5 28. Qe5 Qxe5 29. Bxe5 Re8 30. h3 Ra4 31. Rd7 Rxb4 32. Rxb7 Bxc5 33. Bxc6 Rg8 34. Rxb5 Rxb5 35. Bxb5 Be7 36. Rd1 Bf6 37. Bxf6 gxf6 38. Rd7 Rf8 39. Bd3 h6 40. Bxf5 Rg8 41. Rh7# 1-0


[Site "https://www.chess.com"]

[Event "Titled Tuesday Blitz August 1 Late 2023"]
[White "Khandelwal, Ankush"]
[Black "Burke, Paul"]
[WhiteFideId "413470"]
[BlackFideId "2605767"]
[WhiteElo "2499"]
[BlackElo "1890"]
[Result "1-0"]
[Round "1"]
[TimeControl "180+1"]
[Date "2023.08.01"]
[WhiteClock "0:00:58"]
[BlackClock "0:01:00"]
[Board "190"]

1. e4 e5 2. Nf3 Nc6 3. Bc4 Be7 4. O-O Nf6 5. d3 d6 6. a4 O-O 7. a5 Be6 8. Re1 Bxc4 9. dxc4 h6 10. Nc3 Qd7 11. Nd5 Nxd5 12. cxd5 Nb8 13. b4 f5 14. exf5 Qxf5 15. Qe2 Nd7 16. c4 Bf6 17. Nd2 Rae8 18. Ne4 Bd8 19. Ra3 Nf6 20. f3 Nxe4 21. fxe4 Qf7 22. Rf3 Bf6 23. Ref1 Qg6 24. Rg3 Qh7 25. Qh5 Kh8 26. Rxf6 gxf6 27. Rg6 1-0


[Site "https://www.chess.com"]

[Event "Titled Tuesday Blitz August 1 Late 2023"]
[White "Carlsen, Magnus"]
[Black "Ganiev, Roman"]
[WhiteFideId "1503014"]
[BlackFideId "4131452"]
[WhiteElo "3255"]
[BlackElo "2583"]
[Result "1-0"]
[Round "2"]
[TimeControl "180+1"]
[Date "2023.08.01"]
[WhiteClock "0:01:11"]
[BlackClock "0:00:01"]
[Board "1"]

1. b3 e5 2. Bb2 Nc6 3. g3 Nf6 4. Bg2 d5 5. d3 Be7 6. Nf3 Qd6 7. O-O O-O 8. c4 Bg4 9. h3 Bxf3 10. Bxf3 e4 11. cxd5 exf3 12. dxc6 Qxc6 13. exf3 Rad8 14. Kg2 Nd5 15. Nd2 Bf6 16. Rc1 Qd7 17. Bxf6 Nxf6 18. Ne4 Nd5 19. Rc4 Nb6 20. Nc5 Qd5 21. Rc2 Rfe8 22. Re1 Nc8 23. Ne4 c6 24. Rce2 Kf8 25. Qc1 Qd4 26. Qa3+ c5 27. Nxc5 Qd6 28. Nd7+ Rxd7 29. Rxe8# 1-0


[Site "https://www.chess.com"]

[Event "Titled Tuesday Blitz August 1 Late 2023"]
[White "Ibadov, Dashgyn"]
[Black "Firouzja, Alireza"]
[WhiteFideId "24107514"]
[BlackFideId "12573981"]
[WhiteElo "2581"]
[BlackElo "3083"]
[Result "0-1"]
[Round "2"]
[TimeControl "180+1"]
[Date "2023.08.01"]
[WhiteClock "0:00:00"]
[BlackClock "0:00:42"]
[Board "2"]

1. e4 c5 2. Nf3 d6 3. d4 cxd4 4. Nxd4 Nf6 5. Nc3 a6 6. Bg5 e6 7. Qe2 Nbd7 8. O-O-O Qc7 9. g4 h6 10. Bxf6 Nxf6 11. Bg2 Bd7 12. h4 g6 13. g5 Nh5 14. Bf3 Nf4 15. Qe3 e5 16. Nd5 Nxd5 17. exd5 O-O-O 18. Nb3 Kb8 19. Kb1 hxg5 20. hxg5 Be7 21. Be4 Bf5 22. f4 exf4 23. Qxf4 Bxe4 24. Qxe4 Bxg5 25. a4 Bf6 26. Rhf1 Be5 27. a5 Rh2 28. Rh1 f5 29. Qd3 Rdh8 30. Rxh2 Rxh2 31. Nd2 Rh4 32. Nf3 Re4 33. Nxe5 Rxe5 34. b4 g5 35. Rh1 Re4 36. Qd2 Qc4 37. Rh8+ Ka7 38. Qf2+ Rd4 39. Rc8 Qxb4+ 40. Kc1 b6 41. c3 Qa3+ 42. Kc2 Qa2+ 0-1


[Site "https://www.chess.com"]

[Event "Titled Tuesday Blitz August 1 Late 2023"]
[White "Rostomyan, Mikayel"]
[Black "Aronian, Levon"]
[WhiteFideId "13313754"]
[BlackFideId "13300474"]
[WhiteElo "2578"]
[BlackElo "3060"]
[Result "0-1"]
[Round "2"]
[TimeControl "180+1"]
[Date "2023.08.01"]
[WhiteClock "0:00:42"]
[BlackClock "0:01:59"]
[Board "3"]

1. d4 Nf6 2. Nf3 g6 3. c4 Bg7 4. g3 O-O 5. Bg2 Nc6 6. Nc3 Rb8 7. O-O a6 8. d5 Na5 9. Nd2 c5 10. d6 exd6 11. Nce4 Nxe4 12. Nxe4 Nxc4 13. Nxd6 b5 14. Nxc4 bxc4 15. Qd6 Qb6 16. Bf4 Qxd6 17. Bxd6 Rxb2 18. Bxf8 Kxf8 19. Rac1 c3 20. Rfd1 Rxe2 21. Bd5 Bd4 22. Rf1 d6 23. Kg2 Bf5 24. Kf3 Rb2 25. Bc4 a5 26. g4 Bd7 27. Kg3 Bc6 28. Rb1 Be4 0-1


[Site "https://www.chess.com"]

[Event "Titled Tuesday Blitz August 1 Late 2023"]
[White "Andreikin, Dmitry"]
[Black "Wen, Tommy"]
[WhiteFideId "4158814"]
[BlackFideId "30952255"]
[WhiteElo "3051"]
[BlackElo "2577"]
[Result "1-0"]
[Round "2"]
[TimeControl "180+1"]
[Date "2023.08.01"]
[WhiteClock "0:01:56"]
[BlackClock "0:00:43"]
[Board "4"]

1. d4 Nf6 2. c4 g6 3. Nc3 d5 4. cxd5 Nxd5 5. e4 Nxc3 6. bxc3 Bg7 7. Nf3 c5 8. Be2 Nc6 9. d5 Bxc3+ 10. Bd2 Bxa1 11. Qxa1 Nd4 12. Nxd4 cxd4 13. O-O O-O 14. Qxd4 Qb6 15. Qa1 Bd7 16. Bh6 f6 17. Rb1 Qc7 18. Bxf8 Rxf8 19. Qd4 b6 20. Bc4 Kg7 21. h3 Rc8 22. Bb3 Qc3 23. Qd1 f5 24. exf5 Bxf5 25. Ra1 Qe5 26. Qf1 Bd3 27. Re1 Rc1 28. Rxe5 Rxf1+ 29. Kh2 Rxf2 30. Rxe7+ Rf7 31. Re3 Bb5 32. h4 Rd7 33. Kg3 Kf6 34. Re6+ Kg7 35. Kf4 Bf1 36. g4 Kf8 37. d6 a5 38. Ke5 Bh3 39. Ba4 Rd8 40. d7 1-0


[Site "https://www.chess.com"]

[Event "Titled Tuesday Blitz August 1 Late 2023"]
[White "Makarian, Rudik"]
[Black "ElenGajger"]
[WhiteFideId "44105681"]
[WhiteElo "3018"]
[BlackElo "2575"]
[Result "1-0"]
[Round "2"]
[TimeControl "180+1"]
[Date "2023.08.01"]
[WhiteClock "0:00:33"]
[BlackClock "0:01:17"]
[Board "5"]

1. d4 Nf6 2. c4 g6 3. Nc3 d5 4. Bg5 Ne4 5. cxd5 Nxg5 6. h4 Ne4 7. Nxe4 Qxd5 8. Nc3 Qa5 9. h5 Bg7 10. h6 Bf6 11. e3 O-O 12. Qd2 c5 13. d5 Rd8 14. Nf3 e6 15. O-O-O Bxc3 16. Qxc3 Qxc3+ 17. bxc3 Rxd5 18. Bc4 Rxd1+ 19. Rxd1 Nd7 20. Ne5 Nf8 21. Rd8 b5 22. Bxb5 Bb7 23. Rxa8 Bxa8 24. Bc6 Bxc6 25. Nxc6 a6 26. Nb8 a5 27. Kb2 f5 28. Nc6 a4 29. Ka3 Kf7 30. Kxa4 Nd7 31. Kb5 e5 32. a4 Ke6 33. a5 Kd6 34. a6 Kc7 35. Ne7 Nf6 36. Kxc5 Ne4+ 37. Kd5 Nxf2 38. Nxg6 Ng4 39. Nxe5 Nxe3+ 40. Ke6 f4 41. Kf6 Nxg2 42. Kg7 Ne3 43. Kxh7 Nf5 44. Kg6 Nxh6 45. Kxh6 Kb6 46. Kg5 f3 47. Nxf3 Kxa6 48. Kf4 Kb5 49. Ke3 Kc4 50. Kd2 Kc5 51. Kd3 1-0


[Site "https://www.chess.com"]

[Event "Titled Tuesday Blitz August 1 Late 2023"]
[White "Tologon tegin, Semetei"]
[Black "Grischuk, Alexander"]
[WhiteFideId "13800574"]
[BlackFideId "4126025"]
[WhiteElo "2575"]
[BlackElo "3010"]
[Result "1-0"]
[Round "2"]
[TimeControl "180+1"]
[Date "2023.08.01"]
[WhiteClock "0:00:31"]
[BlackClock "0:00:23"]
[Board "6"]

1. e4 e6 2. d4 d5 3. e5 c5 4. c3 Nc6 5. Nf3 Bd7 6. Be2 Nge7 7. O-O Nf5 8. Na3 cxd4 9. cxd4 Qb6 10. Nc2 a5 11. g4 Nfe7 12. Rb1 h5 13. h3 hxg4 14. hxg4 Ng6 15. Be3 Nb4 16. a3 Nxc2 17. Qxc2 Be7 18. Kg2 a4 19. Rh1 Rxh1 20. Rxh1 Rc8 21. Qd2 Bb5 22. Bd1 Qa6 23. Bc2 Kd7 24. Rh7 Rg8 25. Bg5 Bf8 26. Bxg6 fxg6 27. Qf4 Ke8 28. Bh4 Bd3 29. Ng5 Be4+ 30. f3 Qe2+ 31. Bf2 Bxf3+ 32. Kg3 Kd7 33. Qf7+ Kc6 34. Nxf3 1-0


[Site "https://www.chess.com"]

[Event "Titled Tuesday Blitz August 1 Late 2023"]
[White "Nozdrachev, Leonid"]
[Black "Xiong, Jeffery"]
[WhiteFideId "24113433"]
[BlackFideId "2047640"]
[WhiteElo "2567"]
[BlackElo "2992"]
[Result "0-1"]
[Round "2"]
[TimeControl "180+1"]
[Date "2023.08.01"]
[WhiteClock "0:01:10"]
[BlackClock "0:02:25"]
[Board "8"]

1. e4 c5 2. c3 e6 3. d4 cxd4 4. cxd4 d5 5. e5 Nc6 6. Nc3 Nge7 7. Be3 Nf5 8. Nf3 Qb6 9. Bd3 Nxe3 10. fxe3 Qxb2 11. Nb5 Qxg2 12. Nc7+ Kd8 13. Nxa8 Bb4+ 14. Nd2 Qxh1+ 15. Bf1 Qxh2 16. Qe2 Qxe2+ 17. Bxe2 b6 0-1


[Site "https://www.chess.com"]

[Event "Titled Tuesday Blitz August 1 Late 2023"]
[White "Martinez Alcantara, Jose Eduardo"]
[Black "Domingo Nunez, Ruben"]
[WhiteFideId "3805662"]
[BlackFideId "22245570"]
[WhiteElo "2986"]
[BlackElo "2566"]
[Result "1-0"]
[Round "2"]
[TimeControl "180+1"]
[Date "2023.08.01"]
[WhiteClock "0:00:10"]
[BlackClock "0:00:14"]
[Board "9"]

1. e4 g6 2. d4 Bg7 3. c3 c6 4. Bd3 d5 5. Nd2 dxe4 6. Nxe4 Nf6 7. Ng3 h5 8. h3 h4 9. N3e2 Nbd7 10. Nf3 c5 11. O-O cxd4 12. cxd4 Nf8 13. Bg5 Ne6 14. Bxh4 Qb6 15. Qb3 Qxb3 16. axb3 Nd5 17. Bg3 Bd7 18. Bc4 Bc6 19. Ne5 Bxe5 20. Bxe5 O-O 21. Nc3 Rfd8 22. Rad1 Rd7 23. Rfe1 Rad8 24. Ne4 Ndf4 25. f3 Kf8 26. Ng5 Bd5 27. Nxe6+ Nxe6 28. Bb5 Bc6 29. Bc4 Nxd4 30. Rc1 Nf5 31. Bc3 Bd5 32. Bb5 Bc6 33. Bf1 Bd5 34. b4 Rc8 35. Kf2 Be6 36. Rcd1 Rcd8 37. Rxd7 Rxd7 38. Bb5 Rd8 39. Bf1 Nd6 40. Ra1 a6 41. Re1 Bc4 42. Bxc4 Nxc4 43. h4 f6 44. g4 Kf7 45. Kg3 Rd4 46. Bxd4 1-0


[Site "https://www.chess.com"]

[Event "Titled Tuesday Blitz August 1 Late 2023"]
[White "Musovic, Armin"]
[Black "Sargsyan, Shant"]
[WhiteFideId "939935"]
[BlackFideId "13306766"]
[WhiteElo "2564"]
[BlackElo "2977"]
[Result "0-1"]
[Round "2"]
[TimeControl "180+1"]
[Date "2023.08.01"]
[WhiteClock "0:00:00"]
[BlackClock "0:00:38"]
[Board "10"]

1. a3 g6 2. Nc3 Bg7 3. e4 c5 4. Bc4 Nc6 5. d3 e6 6. Bf4 d6 7. Nge2 Nge7 8. O-O O-O 9. Qd2 d5 10. exd5 exd5 11. Ba2 Be6 12. Bh6 Qd6 13. Bxg7 Kxg7 14. Nf4 Nd4 15. Rae1 Rad8 16. Nce2 Nxe2+ 17. Nxe2 Nc6 18. Ng3 f6 19. h4 h5 20. b4 Rfe8 21. c3 Bf7 22. Rxe8 Rxe8 23. Re1 Rxe1+ 24. Qxe1 Ne5 25. bxc5 Qxc5 26. d4 Qxa3 27. dxe5 Qxa2 28. exf6+ Kxf6 29. Qe3 Qb1+ 30. Kh2 Qb6 31. Qg5+ Ke6 32. Ne2 Qd6+ 33. f4 a5 34. Nd4+ Kd7 35. g3 Qe7 36. Qh6 Qf6 37. Qf8 a4 38. Qb4 Qa6 39. Qf8 Be8 40. Qg7+ Kd8 41. f5 gxf5 42. Qg5+ Kc7 43. Qe7+ Bd7 44. Qe5+ Qd6 45. Qh8 a3 46. Qa8 Qa6 47. Qf8 a2 48. Qc5+ Kb8 49. Qf8+ Bc8 0-1


[Site "https://www.chess.com"]

[Event "Titled Tuesday Blitz August 1 Late 2023"]
[White "Kramnik, Vladimir"]
[Black "Karamsetty, Jeevan"]
[WhiteFideId "4101588"]
[BlackFideId "2025337"]
[WhiteElo "2974"]
[BlackElo "2561"]
[Result "0-1"]
[Round "2"]
[TimeControl "180+1"]
[Date "2023.08.01"]
[WhiteClock "0:00:00"]
[BlackClock "0:00:10"]
[Board "11"]

1. e4 d6 2. d4 Nf6 3. Nc3 e5 4. Nge2 Nbd7 5. g3 c6 6. Bg2 b5 7. d5 cxd5 8. Nxd5 Bb7 9. Nec3 a6 10. Bg5 Be7 11. Bxf6 Nxf6 12. O-O Nxd5 13. Nxd5 Bxd5 14. Qxd5 O-O 15. c3 Qc7 16. Rfd1 Kh8 17. Bh3 Rab8 18. a3 Rb6 19. Rd3 Rc6 20. Qb3 Rc4 21. Re1 Qc6 22. Rd5 f5 23. Bg2 f4 24. Qd1 Qc8 25. Rd3 Qe6 26. h4 Qg6 27. Kh2 Qh6 28. Qg4 g5 29. h5 Qf6 30. Re2 h6 31. Red2 Rfc8 32. Rd5 R4c7 33. Qd1 Qf7 34. Bh3 Rf8 35. Bf5 Rc6 36. Kg2 Kg7 37. Qg4 Qf6 38. Qd1 Rd8 39. a4 Rb8 40. axb5 axb5 41. Qa1 Rcb6 42. b4 Qf7 43. Qa7 R8b7 44. Qa1 Qxh5 45. g4 Qe8 46. Qf1 h5 47. gxh5 Qxh5 48. f3 Rb8 49. Bg4 Qh4 50. Qf2 Qh6 51. Kg1 Rh8 52. Qh2 Qf6 53. Qf2 Ra6 54. Ra2 Rxa2 55. Qxa2 Qh6 56. Qg2 Qh4 57. Rd1 Ra8 58. Kf1 Ra3 59. Ke2 Rxc3 60. Rd3 Rc2+ 61. Rd2 Rc3 62. Qg1 Re3+ 63. Kd1 Qh8 64. Qf1 Qb8 65. Rc2 Qb6 66. Rc1 Qd4+ 67. Kc2 Rc3+ 68. Kb1 Qxb4+ 0-1


[Site "https://www.chess.com"]

[Event "Titled Tuesday Blitz August 1 Late 2023"]
[White "Graif, William"]
[Black "Matlakov, Maxim"]
[WhiteFideId "2609835"]
[BlackFideId "4168003"]
[WhiteElo "2561"]
[BlackElo "2965"]
[Result "0-1"]
[Round "2"]
[TimeControl "180+1"]
[Date "2023.08.01"]
[WhiteClock "0:00:31"]
[BlackClock "0:01:17"]
[Board "12"]

1. e4 c5 2. Nc3 g6 3. Bc4 Bg7 4. h4 h5 5. Qf3 e6 6. d4 Nc6 7. dxc5 Qa5 8. Bb3 Nf6 9. Bf4 Nxe4 10. Ne2 Nxc3 11. Nxc3 Nd4 12. Qg3 Nf5 13. Qd3 Qxc5 14. Ne4 Qa5+ 15. c3 d5 16. Nd6+ Nxd6 17. Bxd6 Qa6 18. Qe3 Qxd6 0-1


[Site "https://www.chess.com"]

[Event "Titled Tuesday Blitz August 1 Late 2023"]
[White "Shimanov, Aleksandr"]
[Black "Pantev, Veselin"]
[WhiteFideId "4198603"]
[BlackFideId "2901390"]
[WhiteElo "2958"]
[BlackElo "2560"]
[Result "1-0"]
[Round "2"]
[TimeControl "180+1"]
[Date "2023.08.01"]
[WhiteClock "0:02:45"]
[BlackClock "0:02:03"]
[Board "13"]

1. d4 Nf6 2. c4 e6 3. Bf4 Bd6 4. Bxd6 cxd6 5. Nc3 b6 6. e4 Bb7 7. d5 O-O 8. Nf3 a6 9. a4 b5 10. cxb5 axb5 11. Bxb5 Na6 12. O-O Nc5 13. Re1 Re8 14. b4 Na6 15. Bxa6 Bxa6 16. b5 Bb7 17. Qd4 Qa5 18. Nd2 Rac8 19. Rec1 h6 20. Nb3 Qa8 21. a5 exd5 22. a6 dxe4 23. axb7 Qxb7 24. b6 d5 25. Na5 Qb8 26. b7 1-0


[Site "https://www.chess.com"]

[Event "Titled Tuesday Blitz August 1 Late 2023"]
[White "Golubev, Mikhail"]
[Black "Sjugirov, Sanan"]
[WhiteFideId "14100983"]
[BlackFideId "4189302"]
[WhiteElo "2559"]
[BlackElo "2951"]
[Result "0-1"]
[Round "2"]
[TimeControl "180+1"]
[Date "2023.08.01"]
[WhiteClock "0:00:00"]
[BlackClock "0:01:06"]
[Board "14"]

1. e4 c6 2. Nf3 d5 3. Nc3 Bg4 4. h3 Bxf3 5. Qxf3 e6 6. d4 Nf6 7. Bd3 Bb4 8. e5 Nfd7 9. O-O c5 10. Qg3 g6 11. Bg5 Qb6 12. dxc5 Nxc5 13. a3 Bxc3 14. bxc3 Nbd7 15. Rab1 Qc7 16. Rfe1 a6 17. c4 Nxd3 18. cxd3 dxc4 19. dxc4 h6 20. Qh4 Rc8 21. Bxh6 Qxc4 22. Qxc4 Rxc4 23. Bg5 b5 24. Rbc1 Rh5 25. Rxc4 bxc4 26. h4 Nb6 27. Rb1 Nd5 28. Rb8+ Kd7 29. Rb7+ Kc6 30. Rxf7 c3 31. Rf8 c2 32. Rc8+ Nc7 33. Bc1 Rxe5 34. Kh2 Re1 35. Bd2 c1=Q 36. Bxc1 Rxc1 37. Rg8 Rc4 38. Kh3 Rc3+ 39. g3 Nd5 40. Rxg6 Nf4+ 0-1


[Site "https://www.chess.com"]

[Event "Titled Tuesday Blitz August 1 Late 2023"]
[White "He, Anthony"]
[Black "Vlassov, Nikolai"]
[WhiteFideId "2088215"]
[BlackFideId "4103360"]
[WhiteElo "2943"]
[BlackElo "2557"]
[Result "1-0"]
[Round "2"]
[TimeControl "180+1"]
[Date "2023.08.01"]
[WhiteClock "0:00:11"]
[BlackClock "0:00:08"]
[Board "15"]

1. d4 Nf6 2. Nc3 d5 3. Bf4 e6 4. Nb5 Na6 5. e3 c6 6. Nc3 Bb4 7. Bd3 O-O 8. Nf3 c5 9. Bxa6 bxa6 10. O-O Bxc3 11. bxc3 Ne4 12. c4 dxc4 13. dxc5 Bb7 14. Qd4 Qd5 15. Rab1 Bc6 16. Ne5 f6 17. Nxc6 Qxc6 18. Qxc4 Nd2 19. Qd3 Nxf1 20. Bd6 Nxe3 21. Qxe3 Rfe8 22. h4 Rad8 23. h5 h6 24. Rd1 Rd7 25. f4 Rb7 26. Kh2 Rb4 27. c3 Qe4 28. Qg3 Rc4 29. Rd2 Qf5 30. Qf3 Rd8 31. Rb2 Qe4 32. Qg3 Kh7 33. Qg4 Rxc3 34. Re2 Qf5 35. Qxf5+ exf5 36. Re7 Kg8 37. Rxa7 Ra3 38. Be7 Rc8 39. c6 Rxc6 40. Bxa3 Rc2 41. Rxa6 Rxa2 42. Ra7 Rf2 43. Kg3 Rf1 44. Be7 Rh1 45. Ra8+ Kh7 46. Bf8 Rxh5 47. Ra7 Kg8 48. Bxg7 Rh1 49. Bxf6 h5 50. Rg7+ Kf8 51. Rg5 Kf7 52. Be5 Ke6 53. Kf3 h4 54. Rg6+ Ke7 55. Rf6 h3 56. gxh3 Rxh3+ 57. Kg2 Rb3 58. Rxf5 Ke6 59. Rf6+ Kd5 60. Rd6+ Ke4 61. Rd4+ Kf5 62. Kf2 Rb2+ 63. Ke3 Rb3+ 64. Rd3 Rb4 65. Rd6 Rb3+ 66. Kd4 Rb4+ 67. Kc5 Rb1 68. Rf6+ Ke4 69. Rf8 Rc1+ 70. Kd6 Rd1+ 71. Ke6 Rb1 72. Bd6 Rh1 73. f5 Rh7 74. f6 1-0


[Site "https://www.chess.com"]

[Event "Titled Tuesday Blitz August 1 Late 2023"]
[White "Geivondian, Arman"]
[Black "Demidov, Mikhail"]
[WhiteFideId "24102032"]
[BlackFideId "4197143"]
[WhiteElo "2554"]
[BlackElo "2938"]
[Result "0-1"]
[Round "2"]
[TimeControl "180+1"]
[Date "2023.08.01"]
[WhiteClock "0:01:17"]
[BlackClock "0:01:10"]
[Board "16"]

1. e4 g6 2. d4 Bg7 3. Nc3 a6 4. a4 d6 5. f4 Nf6 6. Nf3 c5 7. dxc5 Qa5 8. Bd2 Qxc5 9. Bd3 Bg4 10. h3 Bxf3 11. Qxf3 Nc6 12. Qf2 Nd7 13. Qxc5 Nxc5 14. Be3 Bd4 15. Kd2 Rc8 16. Rab1 Bxe3+ 17. Kxe3 Nb4 18. Kd2 e6 19. g4 Ke7 20. Rhe1 e5 21. f5 g5 22. b3 h5 23. Bc4 hxg4 24. hxg4 Rh2+ 25. Re2 Rxe2+ 26. Kxe2 Rh8 27. Rf1 Nxc2 28. Nd5+ Kf8 29. Kd2 Rh2+ 30. Kc1 Nd4 31. b4 Nxa4 32. f6 b5 33. Bd3 Nb2 0-1


[Site "https://www.chess.com"]

[Event "Titled Tuesday Blitz August 1 Late 2023"]
[White "Hakobyan, Aram"]
[Black "Castaneda, Jhon David"]
[WhiteFideId "13306677"]
[BlackFideId "4405048"]
[WhiteElo "2933"]
[BlackElo "2553"]
[Result "1-0"]
[Round "2"]
[TimeControl "180+1"]
[Date "2023.08.01"]
[WhiteClock "0:00:14"]
[BlackClock "0:00:21"]
[Board "17"]

1. d4 Nf6 2. c4 e6 3. Nc3 Bb4 4. e3 O-O 5. a3 Bxc3+ 6. bxc3 c5 7. Ne2 Ne8 8. Ng3 Nc6 9. e4 f5 10. exf5 exf5 11. Bd3 g6 12. O-O d6 13. Re1 Qf6 14. Ne2 g5 15. h4 h6 16. hxg5 hxg5 17. Ng3 Ng7 18. Nh5 Qh6 19. Nxg7 Kxg7 20. Qf3 Bd7 21. dxc5 Rae8 22. Be3 f4 23. Bd4+ Nxd4 24. Qxb7 Nf3+ 25. gxf3 Rd8 26. Re7+ Rf7 27. Rxf7+ Kxf7 28. c6 g4 29. cxd7 Qh3 30. Qd5+ Ke7 31. Re1+ Kxd7 32. Qb7# 1-0


[Site "https://www.chess.com"]

[Event "Titled Tuesday Blitz August 1 Late 2023"]
[White "Karwowski, Kacper"]
[Black "Terry, Renato"]
[WhiteFideId "1126032"]
[BlackFideId "3803457"]
[WhiteElo "2553"]
[BlackElo "2927"]
[Result "1/2-1/2"]
[Round "2"]
[TimeControl "180+1"]
[Date "2023.08.01"]
[WhiteClock "0:00:40"]
[BlackClock "0:00:44"]
[Board "18"]

1. e4 e6 2. d4 d5 3. Nd2 Be7 4. Ngf3 Nf6 5. Bd3 c5 6. dxc5 dxe4 7. Nxe4 Nxe4 8. Bxe4 Qxd1+ 9. Kxd1 Bxc5 10. Ke2 Nd7 11. Be3 Bxe3 12. fxe3 Nc5 13. Bd3 b6 14. b4 Nxd3 15. cxd3 Bb7 16. Rac1 Bxf3+ 17. gxf3 Kd7 18. d4 Rac8 19. Kd3 g5 20. a4 h5 21. e4 g4 22. Rxc8 Kxc8 23. fxg4 hxg4 24. Rf1 Rh7 25. Rf4 Kd7 26. b5 Ke7 27. Rxg4 Rxh2 28. Kc4 Rc2+ 29. Kb3 Rc8 30. e5 Kf8 31. Kb4 Rc1 32. Kb3 Rc7 33. Kb4 Rc1 34. Kb3 Rb1+ 35. Kc4 Rf1 36. Kb4 Rf2 37. Kb3 Rf3+ 38. Kb4 Rh3 39. Kc4 Rh8 40. Kb4 Ke7 41. Kc4 Rc8+ 42. Kb4 Rf8 43. Kc4 Rh8 44. Kb4 Rh7 45. Kb3 f5 46. exf6+ Kxf6 47. Re4 Rc7 48. Re1 Rd7 49. Re4 Rd8 50. Kc4 Rd6 51. Rf4+ Ke7 52. Rh4 Rd7 53. Rh7+ Kd6 54. Rxd7+ Kxd7 55. d5 Kd6 56. dxe6 Kxe6 57. Kb4 Kd5 58. a5 Kd4 59. axb6 axb6 60. Ka4 Kc5 61. Ka3 Kc4 62. Ka4 Kc5 63. Ka3 Kd5 64. Kb4 Kd4 65. Ka4 Kc3 66. Ka3 Kc4 67. Ka4 Kc5 1/2-1/2


[Site "https://www.chess.com"]